cohdb
Replays
Latest Replays
All Replays
Popular Replays
Top Player Replays
Match Explorer
How It Works
Community
CoH3 Stats
Reddit
Sign in to upload your games and track your stats! →
Sign in with Steam
Match 48353471
Unlisted
Match 48353471
Overview
Messages
Build Orders
End
Panzergrenadier Squad
250 Light Carrier
Selects Armored Support Battlegroup
Panzergrenadier Squad
Construct Light Support Kompanie
2.5-tonne Medical Truck
MG34 Team
Fire Support Elements
Pak 38 Mechanized Group
Forward Retreat Point
Selects Salvage Kits
Selects Veteran Gunners
Flakvierling Half-track
Combat Half-tracks
Construct Panzerarmee Kommand
Panzer III L Medium Tank
Panzer III L Medium Tank
Panzer III L Medium Tank
Selects Flammpanzer III Medium Tank
Panzer III L Medium Tank
Vehicle Survival Package
Panzer III L Medium Tank
Selects Command Panzer IV F Medium Tank
Panzer III L Medium Tank
Tungsten Core Ammunition
Panzerpioneer Squad
Selects Panzer Storm
Command Panzer IV F Medium Tank
Panzer III L Medium Tank
Emergency Repair Kits
Selects Stuka Anti-tank Loiter
Stuka Anti-tank Loiter
Sgannarel
General Winter
杀马特
GodEr
Hugh G Wrecktion
Kylen
runningDuck
旧时光
0
0
Comments
sign in to comment!
No comments posted yet!